PCL
SAN JOSE MISSIONS @ EUGENE EMERALDS
06/09/1982
 
TOP OF THE 1ST
San Jose Missions batting - Pitching for Eugene Emeralds : RHP George Frazier
Pitching: RHP George Frazier
Batting: SHB Curt Bryan 0-0: Fly out, F9 (Flyball, 9, EV 90.0 MPH)
Batting: LHB Glen Franklin 0-0: Ball
1-0: Fly out, F8 (Flyball, 8RXD, EV 109.4 MPH)
Batting: SHB Bip Roberts 0-0: Ball
1-0: Foul Ball, location: 2F
1-1: Ball
2-1: Ground out 6-3 (Groundball, 6, EV 105.6 MPH)
Top of the 1st over - 0 runs, 0 hits, 0 errors, 0 left on base; San Jose 0 - Eugene 0
BOTTOM OF THE 1ST
Eugene Emeralds batting - Pitching for San Jose Missions : RHP Tim Hamm
Pitching: RHP Tim Hamm
Batting: LHB James Peters 0-0: Fly out, F8 (Flyball, 8RM, EV 90.6 MPH)
Batting: LHB Ty Gainey 0-0: Ball
1-0: Swinging Strike
1-1: Ground out 6-3 (Groundball, 4M, EV 103.8 MPH)
Batting: RHB Tim Wallach 0-0: Called Strike
0-1: Fly out, F9 (Flyball, 9LS, EV 90.6 MPH)
Bottom of the 1st over - 0 runs, 0 hits, 0 errors, 0 left on base; San Jose 0 - Eugene 0
TOP OF THE 2ND
San Jose Missions batting - Pitching for Eugene Emeralds : RHP George Frazier
Batting: LHB Marvell Wynne 0-0: Called Strike
0-1: Ball
1-1: Ball
2-1: Swinging Strike
2-2: Strikes out swinging
Batting: SHB David Piller 0-0: Ground out 3-1 (Groundball, 34, EV 98.1 MPH)
Batting: LHB Steven Michael 0-0: Ball
1-0: Foul Ball, location: 2F
1-1: Fly out, F9 (Flyball, 9, EV 80.0 MPH)
Top of the 2nd over - 0 runs, 0 hits, 0 errors, 0 left on base; San Jose 0 - Eugene 0
BOTTOM OF THE 2ND
Eugene Emeralds batting - Pitching for San Jose Missions : RHP Tim Hamm
Batting: LHB Randy Bush 0-0: Ball
1-0: Foul Ball, location: 2F
1-1: Ball
2-1: Ball
3-1: Foul Ball, location: 2F
3-2: Base on Balls
Batting: RHB Derrell Baker 0-0: Called Strike
0-1: Ball
1-1: Ball
2-1: Ball
3-1: Fielders Choice at 2nd, 3-6 (Groundball, 3, EV 85.0 MPH)
Batting: LHB Milt May 0-0: Swinging Strike
0-1: Ball
1-1: Ball
2-1: Fielders Choice at 2nd, 3-6 (Groundball, 3, EV 92.5 MPH)
Batting: LHB Terry Lee 0-0: Foul Ball, location: 2F
0-1: Ground out U3 (Groundball, 3, EV 95.0 MPH)
Bottom of the 2nd over - 0 runs, 0 hits, 0 errors, 1 left on base; San Jose 0 - Eugene 0
TOP OF THE 3RD
San Jose Missions batting - Pitching for Eugene Emeralds : RHP George Frazier
Batting: LHB Rich Gedman 0-0: DOUBLE (Line Drive, 7LM, EV 91.3 MPH)
Batting: RHB Pablo Cardiel 0-0: Ball
Wild Pitch!
Rich Gedman to third
1-0: Ball
2-0: Foul Ball, location: 2F
2-1: Ground out 5-3 (Groundball, 56, EV 81.9 MPH)
Rich Gedman scores
Batting: LHB Jesus Valerio 0-0: Called Strike
0-1: Ball
1-1: Ball
2-1: Foul Ball, location: 2F
2-2: Ball
3-2: Base on Balls
Batting: SHB Curt Bryan 0-0: Ball
1-0: Foul Ball, location: 2F
1-1: Foul Ball, location: 2F
1-2: Foul Ball, location: 2F
1-2: Foul Ball, location: 2F
1-2: Ball
2-2: Ball
3-2: Foul Ball, location: 2F
3-2: Foul Ball, location: 2F
3-2: Foul Ball, location: 2F
3-2: Fly out, F5 (Popup, 5, EV 79.4 MPH)
Batting: LHB Glen Franklin 0-0: Ball
1-0: Ball
2-0: Ball
3-0: Called Strike
3-1: SINGLE (Groundball, 25, EV 61.9 MPH) (infield hit)
Jesus Valerio to second
Batting: SHB Bip Roberts 0-0: Foul Ball, location: 2F
0-1: Fly out, F9 (Flyball, 9S, EV 82.5 MPH)
Top of the 3rd over - 1 run, 2 hits, 0 errors, 2 left on base; San Jose 1 - Eugene 0
BOTTOM OF THE 3RD
Eugene Emeralds batting - Pitching for San Jose Missions : RHP Tim Hamm
Batting: LHB Ron Harrison 0-0: Ground out U3 (Groundball, 3S, EV 82.5 MPH)
Batting: LHB Richard Rickman 0-0: Ball
1-0: Foul Ball, location: 2F
1-1: Swinging Strike
1-2: Foul Ball, location: 2F
1-2: Ball
2-2: Ball
3-2: Strikes out swinging
Batting: LHB James Peters 0-0: Ball
1-0: Ball
2-0: Called Strike
2-1: Ball
3-1: Ground out 5-3 (Groundball, 56, EV 81.3 MPH)
Bottom of the 3rd over - 0 runs, 0 hits, 0 errors, 0 left on base; San Jose 1 - Eugene 0
TOP OF THE 4TH
San Jose Missions batting - Pitching for Eugene Emeralds : RHP George Frazier
Batting: LHB Marvell Wynne 0-0: Ball
1-0: Ground out U3 (Groundball, 3, EV 103.1 MPH)
Batting: SHB David Piller 0-0: Ground out 2-3 (Groundball, 2L, EV 71.3 MPH)
Batting: LHB Steven Michael 0-0: Ground out 4-3 (Groundball, 4S, EV 81.3 MPH)
Top of the 4th over - 0 runs, 0 hits, 0 errors, 0 left on base; San Jose 1 - Eugene 0
BOTTOM OF THE 4TH
Eugene Emeralds batting - Pitching for San Jose Missions : RHP Tim Hamm
Batting: LHB Ty Gainey 0-0: Ball
1-0: Swinging Strike
1-1: Foul Ball, location: 2F
1-2: Foul Ball, location: 2F
1-2: Ball
2-2: Ball
3-2: Ground out 4-3 (Groundball, 4M, EV 88.1 MPH)
Batting: RHB Tim Wallach 0-0: Ball
1-0: Foul Ball, location: 2F
1-1: SOLO HOME RUN (Flyball, 78XD, EV 109.4 MPH), Distance : 401 ft
Batting: LHB Randy Bush 0-0: Called Strike
0-1: Ball
1-1: SINGLE (Line Drive, 56D, EV 95.6 MPH)
Batting: RHB Derrell Baker 0-0: Foul Ball, location: 2F
0-1: Ball
1-1: Ball
2-1: Called Strike
2-2: Fly out, F9 (Line Drive, 9, EV 95.6 MPH)
Batting: LHB Milt May 0-0: Called Strike
0-1: Swinging Strike
0-2: Strikes out swinging
Bottom of the 4th over - 1 run, 2 hits, 0 errors, 1 left on base; San Jose 1 - Eugene 1
TOP OF THE 5TH
San Jose Missions batting - Pitching for Eugene Emeralds : RHP George Frazier
Batting: LHB Rich Gedman 0-0: Fly out, F9 (Flyball, 89XD, EV 88.1 MPH)
Batting: RHB Pablo Cardiel 0-0: Ball
1-0: Swinging Strike
1-1: Ball
2-1: Ball
3-1: Base on Balls
Batting: LHB Jesus Valerio 0-0: Ball
1-0: Ball
2-0: Called Strike
2-1: Ball
3-1: Base on Balls
Pablo Cardiel to second
Batting: SHB Curt Bryan 0-0: Ball
1-0: Ball
2-0: Called Strike
2-1: Foul Ball, location: 2F
2-2: Foul Ball, location: 2F
2-2: Ball
3-2: SINGLE (Line Drive, 8LS, EV 113.1 MPH)
Pablo Cardiel to third
Jesus Valerio to second
Runner from 3rd tries for Home, SAFE, throw by CF to home
Batting: LHB Glen Franklin 0-0: Called Strike
Jesus Valerio steals 3rd, throwing error, E2
Jesus Valerio scores
Curt Bryan to third
0-1: Ball
1-1: Foul Ball, location: 2F
1-2: Ground out 6-3 (Groundball, 6, EV 83.8 MPH)
Batting: SHB Bip Roberts 0-0: Ball
1-0: Called Strike
1-1: Ball
2-1: Fly out, F8 (Flyball, 78D, EV 104.4 MPH)
Top of the 5th over - 2 runs, 1 hit, 1 error, 1 left on base; San Jose 3 - Eugene 1
BOTTOM OF THE 5TH
Eugene Emeralds batting - Pitching for San Jose Missions : RHP Tim Hamm
Batting: LHB Terry Lee 0-0: Ball
1-0: Ball
2-0: Foul Ball, location: 2F
2-1: Swinging Strike
2-2: Ball
3-2: Base on Balls
Batting: LHB Ron Harrison 0-0: Ball
Terry Lee steals 2nd base
1-0: Ball
2-0: Called Strike
2-1: Swinging Strike
2-2: Ground out 4-3 (Groundball, 34, EV 87.5 MPH)
Terry Lee to third
Batting: LHB Richard Rickman 0-0: Swinging Strike
0-1: Foul Ball, location: 2F
0-2: Ball
1-2: Strikes out swinging
Batting: LHB James Peters 0-0: Ball
1-0: Ball
2-0: Foul Ball, location: 2F
2-1: Foul Ball, location: 2F
2-2: Fly out, F7 (Flyball, 78M, EV 85.0 MPH)
Bottom of the 5th over - 0 runs, 0 hits, 0 errors, 1 left on base; San Jose 3 - Eugene 1
TOP OF THE 6TH
San Jose Missions batting - Pitching for Eugene Emeralds : RHP George Frazier
Batting: LHB Marvell Wynne 0-0: Ball
1-0: Ball
2-0: SINGLE (Groundball, 3S, EV 63.1 MPH) (infield hit)
Pitching: LHP Martin Pavlik
Batting: SHB David Piller 0-0: Swinging Strike
0-1: Called Strike
0-2: Ball
1-2: DOUBLE (Groundball, 3L, EV 104.4 MPH)
Marvell Wynne to third
Batting: LHB Steven Michael 0-0: Called Strike
0-1: Swinging Strike
0-2: Ball
1-2: Strikes out swinging
Batting: LHB Rich Gedman 0-0: Ball
1-0: SINGLE (Groundball, 6D, EV 107.5 MPH)
Marvell Wynne scores
David Piller to third
Runner from 3rd tries for Home, SAFE, throw by CF to home
Batting: RHB Pablo Cardiel 0-0: Ball
1-0: Foul Ball, location: 2F
1-1: Ball
2-1: DOUBLE (Flyball, 8LD, EV 101.9 MPH)
Rich Gedman to third
Batting: LHB Jesus Valerio 0-0: Ball
1-0: Called Strike
1-1: Ball
2-1: Foul Ball, location: 2F
2-2: SINGLE (Groundball, 34D, EV 100.0 MPH)
Rich Gedman scores
Pablo Cardiel to third
Runner from 3rd tries for Home, SAFE, throw by RF to home
Batting: SHB Curt Bryan 0-0: Foul Ball, location: 2F
0-1: Called Strike
0-2: Ball
1-2: Foul Ball, location: 2F
1-2: Ball
2-2: Ball
Passed Ball!
Jesus Valerio to second
3-2: Foul Ball, location: 2F
3-2: SINGLE (Line Drive, 6MD, EV 101.3 MPH)
Jesus Valerio to third
Runner from 3rd tries for Home, SAFE, throw by CF to home
Batting: LHB Glen Franklin 0-0: Called Strike
0-1: Ground out 3-1 (Groundball, 34S, EV 71.3 MPH)
Curt Bryan to second
Batting: SHB Bip Roberts 0-0: Called Strike
0-1: Fly out, F7 (Flyball, 7, EV 95.0 MPH)
Top of the 6th over - 5 runs, 6 hits, 0 errors, 1 left on base; San Jose 8 - Eugene 1
BOTTOM OF THE 6TH
Eugene Emeralds batting - Pitching for San Jose Missions : RHP Tim Hamm
Batting: LHB Ty Gainey 0-0: Ball
1-0: Called Strike
1-1: Ball
2-1: Swinging Strike
2-2: Ball
3-2: Base on Balls
Batting: RHB Tim Wallach 0-0: Ball
Ty Gainey steals 2nd base (no throw)
1-0: Called Strike
1-1: Ball
2-1: Ball
3-1: Base on Balls
Batting: LHB Randy Bush 0-0: Ball
1-0: Called Strike
1-1: Called Strike
1-2: Ball
2-2: Foul Ball, location: 2F
2-2: Ball
Wild Pitch!
Ty Gainey to third
Tim Wallach to second
3-2: Foul Ball, location: 2F
3-2: Strikes out swinging
Batting: RHB Derrell Baker 0-0: Ball
1-0: Called Strike
1-1: Foul Ball, location: 2F
1-2: Fly out, F8 (Flyball, 8LXD, EV 92.5 MPH)
Runner from 3rd tags up, SCORES, no throw by CF
Batting: LHB Milt May 0-0: Foul Ball, location: 2F
0-1: Fly out, F8 (Line Drive, 8RM, EV 101.9 MPH)
Bottom of the 6th over - 1 run, 0 hits, 0 errors, 1 left on base; San Jose 8 - Eugene 2
TOP OF THE 7TH
San Jose Missions batting - Pitching for Eugene Emeralds : LHP Martin Pavlik
Batting: LHB Marvell Wynne 0-0: Called Strike
0-1: Ball
1-1: Ball
2-1: Ball
3-1: Base on Balls
Batting: SHB David Piller 0-0: Swinging Strike
0-1: Ball
1-1: Grounds into double play, 4-6-3 (Groundball, 4, EV 80.6 MPH)
Batting: LHB Steven Michael 0-0: Ball
1-0: Called Strike
1-1: Foul Ball, location: 2F
1-2: Ball
2-2: Ball
3-2: Base on Balls
Batting: LHB Rich Gedman 0-0: SINGLE (Flyball, 34D, EV 91.3 MPH)
Steven Michael to second
Runner from 2nd tries for 3rd, SAFE, no throw by RF
Batting: RHB Pablo Cardiel 0-0: Called Strike
0-1: Ball
1-1: Fielders Choice at 2nd, 6-4 (Groundball, 6, EV 90.0 MPH)
Top of the 7th over - 0 runs, 1 hit, 0 errors, 2 left on base; San Jose 8 - Eugene 2
BOTTOM OF THE 7TH
Eugene Emeralds batting - Pitching for San Jose Missions : RHP Tim Hamm
Batting: LHB Terry Lee 0-0: Ball
1-0: Fly out, F5 (Flyball, 5D, EV 87.5 MPH)
Batting: LHB Ron Harrison 0-0: Swinging Strike
0-1: Fly out, F8 (Line Drive, 8LD, EV 88.8 MPH)
Batting: LHB Richard Rickman 0-0: Ball
1-0: Called Strike
1-1: Fly out, F8 (Flyball, 8LS, EV 87.5 MPH)
Bottom of the 7th over - 0 runs, 0 hits, 0 errors, 0 left on base; San Jose 8 - Eugene 2
TOP OF THE 8TH
San Jose Missions batting - Pitching for Eugene Emeralds : LHP Martin Pavlik
Batting: LHB Jesus Valerio 0-0: Ball
1-0: Called Strike
1-1: Ball
2-1: Foul Ball, location: 2F
2-2: Ball
3-2: Base on Balls
Batting: SHB Curt Bryan 0-0: Foul Ball, location: 2F
0-1: Ball
1-1: Ball
2-1: Ball
3-1: Base on Balls
Jesus Valerio to second
Batting: LHB Glen Franklin 0-0: Ball
1-0: Foul Ball, location: 2F
1-1: Ball
2-1: Ball
3-1: Base on Balls
Jesus Valerio to third
Curt Bryan to second
Pitching: RHP Jim Beattie
Batting: SHB Bip Roberts 0-0: Ball
1-0: Called Strike
1-1: Ball
2-1: Fielders Choice at 2nd, 6-4 (Groundball, 6, EV 77.5 MPH)
Jesus Valerio scores
Curt Bryan to third
Pinch Hitting: SHB Kenny Young 0-0: Foul Ball, location: 2F
0-1: Foul Ball, location: 2F
0-2: Strikes out swinging
Pinch Hitting: RHB John Stevenson 0-0: Ground out 4-3 (Groundball, 34, EV 102.5 MPH)
Top of the 8th over - 1 run, 0 hits, 0 errors, 2 left on base; San Jose 9 - Eugene 2
BOTTOM OF THE 8TH
Eugene Emeralds batting - Pitching for San Jose Missions : RHP Tim Hamm
Now at 1B: Raymond Alonzo
Now in LF: Kenny Young
Pinch Hitting: LHB George Perez 0-0: Swinging Strike
0-1: Foul Ball, location: 2F
0-2: Ball
1-2: Strikes out looking
Pitching: RHP David Grier
Pinch Hitting: LHB Adrian McCarthy 0-0: Called Strike
0-1: Foul Ball, location: 2F
0-2: Ball
1-2: Ball
2-2: Fly out, F8 (Line Drive, 8LD, EV 90.6 MPH)
Batting: RHB Tim Wallach 0-0: Called Strike
0-1: Ground out 4-3 (Groundball, 4, EV 102.5 MPH)
Bottom of the 8th over - 0 runs, 0 hits, 0 errors, 0 left on base; San Jose 9 - Eugene 2
TOP OF THE 9TH
San Jose Missions batting - Pitching for Eugene Emeralds : RHP Jim Beattie
Now in LF: George Perez
Now in RF: Jesus Vega
Batting: LHB Steven Michael 0-0: Called Strike
0-1: Ball
1-1: Ball
2-1: Ball
3-1: Base on Balls
Batting: LHB Rich Gedman 0-0: Ball
1-0: Fly out, F6 (Popup, 6, EV 56.3 MPH)
Batting: RHB Pablo Cardiel 0-0: Ball
1-0: Ball
2-0: Called Strike
2-1: Foul Ball, location: 2F
2-2: Ball
Steven Michael steals 2nd base
3-2: SINGLE (Line Drive, 5D, EV 95.0 MPH)
Steven Michael to third
Runner from 3rd tries for Home, SAFE, throw by LF to home
Batting: LHB Jesus Valerio 0-0: Ball
1-0: Foul Ball, location: 2F
1-1: Swinging Strike
1-2: Ground out 4-3 (Groundball, 34D, EV 96.9 MPH)
Pablo Cardiel to second
Batting: SHB Curt Bryan 0-0: Fly out, F7 (Flyball, 7D, EV 106.9 MPH)
Top of the 9th over - 1 run, 1 hit, 0 errors, 1 left on base; San Jose 10 - Eugene 2
BOTTOM OF THE 9TH
Eugene Emeralds batting - Pitching for San Jose Missions : RHP David Grier
Batting: LHB Randy Bush 0-0: Ground out 5-3 (Groundball, 5L, EV 96.3 MPH)
Batting: RHB Derrell Baker 0-0: Swinging Strike
0-1: Fly out, F9 (Flyball, 89M, EV 89.4 MPH)
Batting: LHB Milt May 0-0: Ball
1-0: Fly out, F7 (Flyball, 7, EV 83.1 MPH)
Bottom of the 9th over - 0 runs, 0 hits, 0 errors, 0 left on base; San Jose 10 - Eugene 2
Thursday, August 6th, 2020 - OOTP Baseball 21.5 Build 76